 Dungeon Crawl Stone Soup version 0.18-a0-1539-g1c7284a (webtiles) character file.

7413 namelastname112 the Martial Artist (level 10, -5/87 (88) HPs)
             Began as a Black Draconian Monk on Mar 9, 2016.
             Was an Elder of Nemelex Xobeh.
             Engulfed by a cloud of thunder (22 damage)
             ... on level 9 of the Dungeon.
             The game lasted 00:18:42 (11851 turns).

namelastname112 the Martial Artist (DrMo)          Turns: 11851, Time: 00:18:42

HP:   -5/87 (88)    AC:  7    Str: 13    XL:     10   Next: 93%
MP:   16/16         EV: 16    Int: 11    God:    Nemelex Xobeh [****..]
Gold: 391           SH:  0    Dex: 17    Spells: 0 memorised, 9 levels left

rFire  . . .     SeeInvis .       - Unarmed
rCold  . . .     Gourm    .     (armour unavailable)
rNeg   . . .     Faith    .     (no shield)
rPois  .         Spirit   .     b - +0 hat
rElec  +         Dismiss  .     (no cloak)
rCorr  +         Reflect  .     (no gloves)
SustAt .         Harm     .     (no boots)
MR     .....     Rnd*Rage +     (no amulet)
Stlth  ++........               x - ring of resist corrosion
                                (no ring)

@: lethally poisoned (-5 -> -31), not resistant to hostile enchantments,
unstealthy
A: breathe lightning, unfitting armour, claws 1, berserk 1, high mp 1,
electricity resistance, no device heal 1, cold-blooded, AC +7
a: Breathe Lightning, Triple Draw, Deal Four, Renounce Religion


You were on level 9 of the Dungeon.
You worshipped Nemelex Xobeh.
Nemelex Xobeh was greatly pleased with you.
You were not hungry.

You visited 2 branches of the dungeon, and saw 11 of its levels.

You collected 493 gold pieces.
You spent 102 gold pieces at shops.

Inventory:

Armour
 b - a +0 hat (worn)
 h - a +0 pair of gloves
Jewellery
 x - a ring of resist corrosion (right claw)
Wands
 l - a wand of iceblast (6/15)
 o - a wand of random effects (28/48)
 p - a wand of confusion (31/48)
 v - a wand of teleportation (9/9)
 F - a wand of flame (31/48)
 G - a wand of acid (9/15)
 H - a wand of lightning (8/15)
 I - a wand of paralysis (11/24)
Scrolls
 c - 2 scrolls of amnesia
 i - 4 scrolls of immolation
 m - a scroll of magic mapping
 n - 3 scrolls of remove curse
 s - a scroll of vulnerability {unknown}
 A - 2 scrolls of teleportation
 B - a scroll of recharging
Potions
 d - 2 potions of ambrosia
 e - a potion of lignification
 g - 3 potions of heal wounds
 j - 3 potions of brilliance
 k - 2 potions of cancellation
 u - a potion of invisibility
 w - a potion of flight
 J - 3 potions of curing
Books
 E - a book of Fire

   Spells                             Type                      Level
   a - Ignite Poison                  Fire/Transmutation/Poison    3
   b - Fireball                       Conjuration/Fire             5
   c - Bolt of Fire                   Conjuration/Fire             6
   d - Delayed Fireball               Conjuration/Fire             7
   e - Ring of Flames                 Charms/Fire                  7
Miscellaneous
 q - an ornate deck of destruction {drawn: 10}
 y - an ornate deck of war {drawn: 1}
 z - a plain deck of destruction {drawn: 2}
 C - an ornate deck of destruction {drawn: 4}
 D - a plain deck of war
Comestibles
 a - 5 bread rations
 r - 5 meat rations
 t - 7 fruits


   Skills:
 + Level 7.6 Fighting
 + Level 6.1 Dodging
 - Level 1.7 Stealth
 + Level 13.2 Unarmed Combat
 + Level 6.1 Evocations


You had 9 spell levels left.
You didn't know any spells.

Dungeon Overview and Level Annotations

Branches:
Dungeon (10/15)            Temple (1/1) D:5             Orc (0/2) D:9
   Lair: D:8-11

Altars:
Ashenzari
Cheibriados
Dithmenos
Elyvilon
Fedhas
Gozag
Kikubaaqudgha
Makhleb
Nemelex Xobeh
Okawaru
Pakellas
Qazlal
Ru
Sif Muna
Trog
Vehumet
Xom
Yredelemnul
Zin
The Shining One

Shops:
D:4 *

Annotations:
D:4 bl4d3's ghost, amateur GrFi


Innate Abilities, Weirdness & Mutations

You can breathe wild blasts of lightning.
Your glossy black scales are hard (AC +7).
Your body does not fit into most forms of armour.
You are resistant to electric shocks.
You are cold-blooded and may be slowed by cold attacks.
You have sharp fingernails.
You tend to lose your temper in combat.
You have an increased reservoir of magic (+10% MP).
Potions and wands are less effective at restoring your health.


Message History

The killer bee poisons you!
Your air elemental closely misses the killer bee.
The killer bee misses you. The killer bee stings you.
* * * LOW HITPOINT WARNING * * *
Lightning arcs down from a storm cloud!
Unknown command.
You have got your breath back.
* * * LOW HITPOINT WARNING * * *
You feel very sick.
Your air elemental hits the killer bee!
The killer bee dies!
The killer bee completely misses you.
Your air elemental hits the killer bee!
The killer bee dies!
The killer bee stings you.
* * * LOW HITPOINT WARNING * * *
Lightning arcs down from a storm cloud!
Really walk into that cloud of thunder?
You are standing in a thunderstorm.
You are struck by lightning!
You resist.
You die...
Your body glows slightly and disappears.

###..###....## ##.# #.##
#...)....#...#### #.### #.##
#........#§§§§§§# #...# #§#
#).......##§§§§§# ###.## ##§#
#(.......##§§§§§# #..# #§§#
#[)).....##...§§# ##.# #>##
###(#########.>y§§# ### #.# .()(#
#.E.§§# #####)### ##### #>§§@§#
#...§§... # ####### #...§§.§. ##
#..)§§..§ .# #........ .#
#######........ .#
#####..........)...
###############.....#####........
................##### #........
################# #........


You could see a killer bee and a friendly air elemental.

Vanquished Creatures
  Josephine (D:10)
  A hill giant (D:9)
  2 trolls (D:9)
  5 wraiths (D:10)
  4 yaks (D:9)
  Eustachio (D:4)
  3 basilisks (D:10)
  A hungry ghost (D:8)
  2 hippogriffs (D:9)
  2 porcupines (D:10)
  Duvessa (D:5)
  2 sky beasts (D:7)
  An ice beast (D:10)
  A black bear (D:7)
  2 phantoms
  2 ogres
  2 necrophages
  4 centaurs
  3 crocodiles (D:10)
  7 giant frogs
  A big kobold (D:9)
  A water moccasin zombie (D:7)
  2 wyvern skeletons
  Dowan (D:5)
  A scorpion (D:6)
  A centaur zombie (D:8)
  A crimson imp (D:7)
  2 giant frog zombies
  A jelly (D:6)
  4 hounds
  2 centaur skeletons
  2 orc priests
  An orc wizard (D:9)
  A giant frog skeleton (D:5)
  4 iguanas
  5 worker ants
  6 sheep
  A killer bee zombie (D:10)
  A hound zombie (D:7)
  A hound skeleton (D:7)
  Robin (D:4)
  A worker ant zombie (D:7)
  12 adders
  3 river rats (D:10)
  A shadow imp (D:7)
  2 oozes
  An adder skeleton (D:5)
  5 worms
  5 dart slugs
  5 giant geckos
  15 orcs
  2 ball pythons
  11 giant cockroaches
  11 hobgoblins
  10 jackals
  13 kobolds
  2 quokkas
  7 bats
  A giant cockroach zombie (D:3)
  A giant gecko skeleton (D:6)
  8 giant newts
  17 goblins
  A quokka skeleton (D:8)
  7 rats
228 creatures vanquished.

Vanquished Creatures (collateral kills)
  2 killer bees (D:9)
2 creatures vanquished.

Grand Total: 230 creatures vanquished

Notes
Turn   | Place    | Note
--------------------------------------------------------------
     0 | D:1      | namelastname112 the Draconian Monk began the quest for the Orb.
     0 | D:1      | Reached XP level 1. HP: 19/19 MP: 1/1
   137 | D:1      | Reached XP level 2. HP: 24/26 MP: 2/2
   654 | D:1      | You fall through a shaft!
   702 | D:2      | Reached skill level 5 in Unarmed Combat
   710 | D:2      | Reached XP level 3. HP: 29/31 MP: 3/3
  1453 | D:2      | Reached XP level 4. HP: 30/38 MP: 4/4
  2053 | D:3      | Reached skill level 6 in Unarmed Combat
  2144 | D:3      | Found a radiant altar of Vehumet.
  2573 | D:3      | Reached XP level 5. HP: 43/45 MP: 5/5
  3070 | D:4      | Noticed Robin
  3088 | D:4      | Noticed bl4d3's ghost (amateur GrFi)
  3355 | D:4      | Found an iron altar of Okawaru.
  3383 | D:4      | Found Vuvu's Assorted Antiques.
  3386 | D:4      | Bought a pink potion for 18 gold pieces
  3386 | D:4      | Bought an encrusted lead wand for 84 gold pieces
  3412 | D:4      | Killed Robin
  3469 | D:4      | Reached skill level 7 in Unarmed Combat
  3905 | D:4      | Reached XP level 6. HP: 47/51 MP: 6/6
  4257 | D:5      | Entered Level 5 of the Dungeon
  4333 | D:5      | Found a shattered altar of Ashenzari.
  4594 | D:5      | Noticed Dowan
  4596 | D:5      | Noticed Duvessa
  4636 | D:5      | Killed Duvessa
  4636 | D:5      | Reached skill level 8 in Unarmed Combat
  4641 | D:5      | Killed Dowan
  4641 | D:5      | Your scales start taking on a glossy black colour.
  4641 | D:5      | Reached XP level 7. HP: 57/57 MP: 7/7
  4641 | D:5      | Gained mutation: You are resistant to electric shocks. [Black Draconian growth]
  4934 | D:5      | Reached skill level 9 in Unarmed Combat
  4976 | D:5      | Found a staircase to the Ecumenical Temple.
  4985 | Temple   | Entered the Ecumenical Temple
  5023 | Temple   | Became a worshipper of Nemelex Xobeh the Trickster
  5023 | Temple   | Received a gift from Nemelex Xobeh
  5023 | Temple   | Reached * piety under Nemelex Xobeh
  5023 | Temple   | Received a gift from Nemelex Xobeh
  5023 | Temple   | Received a gift from Nemelex Xobeh
  5023 | Temple   | Reached ** piety under Nemelex Xobeh
  5537 | D:4      | Noticed Eustachio
  5590 | D:4      | Killed Eustachio
  5848 | D:4      | Found a sacrificial altar of Ru.
  5848 | D:4      | Found a basalt altar of Yredelemnul.
  6256 | D:5      | Reached skill level 10 in Unarmed Combat
  6256 | D:5      | Reached XP level 8. HP: 28/63 MP: 8/8
  6473 | D:5      | Noticed Sigmund
  6480 | D:5      | Noticed Sigmund
  6480 | D:5      | Sigmund changed into Sigmund the iguana
  6484 | D:5      | Killed Sigmund the iguana
  6574 | D:5      | Received a gift from Nemelex Xobeh
  6880 | D:6      | Found an ancient bone altar of Kikubaaqudgha.
  7041 | D:6      | Gained mutation: Potions and wands are less effective at restoring your health. [potion of mutation]
  7041 | D:6      | Gained mutation: You have an increased reservoir of magic (+10% MP). [potion of mutation]
  7041 | D:6      | Gained mutation: You have sharp fingernails. [potion of mutation]
  7042 | D:6      | Gained mutation: You tend to lose your temper in combat. [potion of mutation]
  7187 | D:6      | Received a gift from Nemelex Xobeh
  7418 | D:6      | Reached *** piety under Nemelex Xobeh
  7447 | D:6      | Reached skill level 11 in Unarmed Combat
  8088 | D:7      | Noticed Prince Ribbit
  8092 | D:7      | Noticed Prince Ribbit
  8092 | D:7      | Prince Ribbit changed into Prince Ribbit the sky beast
  8096 | D:7      | Killed Prince Ribbit the sky beast
  8096 | D:7      | Reached skill level 12 in Unarmed Combat
  8266 | D:7      | Reached skill level 1 in Evocations
  8266 | D:7      | Reached XP level 9. HP: 68/70 MP: 10/10
  8281 | D:7      | Found a shimmering altar of Xom.
  8537 | D:8      | Found a burning altar of Makhleb.
  8602 | D:8      | Reached **** piety under Nemelex Xobeh
  9039 | D:8      | Found a bloodstained altar of Trog.
  9102 | D:8      | Found an oddly glowing altar of Pakellas.
  9342 | D:9      | Found a blossoming altar of Fedhas.
  9371 | D:9      | Noticed a troll
  9384 | D:9      | Killed a troll
  9410 | D:9      | Reached skill level 5 in Fighting
  9661 | D:9      | Received a gift from Nemelex Xobeh
  9689 | D:9      | Found a snail-covered altar of Cheibriados.
  9890 | D:9      | Found a staircase to the Orcish Mines.
  9898 | D:9      | Noticed a troll
  9911 | D:9      | Killed a troll
  9991 | D:10     | Entered Level 10 of the Dungeon
 10014 | D:10     | Reached XP level 10. HP: 44/82 MP: 14/14
 10019 | D:10     | Noticed a hill giant
 10247 | D:10     | Reached skill level 5 in Dodging
 10386 | D:9      | Killed a hill giant
 11005 | D:9      | Reached skill level 5 in Evocations
 11441 | D:10     | Noticed Josephine
 11444 | D:10     | Killed Josephine
 11444 | D:10     | Reached skill level 13 in Unarmed Combat
 11851 | D:9      | Engulfed by a cloud of thunder

Vault maps used:
D:1:      lemuel_arrival_river_bridge
D:2:      minivault_5
D:3:      fiery_altar_vehumet, first_bread, kennysheep_nub
D:4:      kennysheep_little_box, minitemple, serial_shops,
          nicolae_shop_behind_doors, uniq_robin, uniq_eustachio
D:5:      ashenzari_altar_1, lemuel_temple_firewalk, uniq_sigmund, uniq_duvessa
D:6:      old_standard_altar
D:7:      lemuel_coloured_pillars_altar, uniq_prince_ribbit1
D:8:      nicolae_overflow_crystal_walls, lightli_temple_of_fire,
          grunt_pakellas_salt
D:9:      cheibriados_altar_1, lemuel_crystal_altar, orc_0_dummy
D:10:     minmay_lair_entry_grove, serial_shops, shop, serial_co_window_serial,
          co_window_paths_a, co_window_corner_a, co_window_paths_a,
          co_window_paths_a, co_window_paths_a, co_window_paths_b,
          co_window_unsneaky_path_c, co_window_corner_cb, co_window_corner_b,
          co_window_unsneaky_path_a, co_window_of_opportunity_c,
          co_window_paths_e, glass_columns_a, glass_columns_b, uniq_josephine
Temple:   cyrus_temple_forest_13

Skill      XL: |  1  2  3  4  5  6  7  8  9 10 |
---------------+-------------------------------+-----
Unarmed Combat | 5 6 7 8 10 12 13 | 13.2
Dodging        | 3 4 6 |  6.1
Evocations     | 1 4 6 |  6.1
Fighting       | 5 7 |  7.6
Stealth        | |  1.7

Action                   |  1- 3 |  4- 6 |  7- 9 | 10-12 || total
-------------------------+-------+-------+-------+-------++-------
Melee: Unarmed           |   118 |   283 |   356 |   109 ||   866
 Abil: Breathe Lightning |       |       |     7 |     8 ||    15
Evoke: Deck              |       |       |    10 |    12 ||    22
  Use: Potion            |       |     4 |     2 |       ||     6
       Scroll            |       |     3 |    14 |       ||    17
 Stab: Sleeping          |     4 |     3 |     7 |       ||    14
  Eat: Chunk             |     1 |    11 |    15 |     5 ||    32
       Fruit             |       |       |     3 |       ||     3
       Beef jerky        |       |       |     3 |     1 ||     4
       Meat ration       |       |       |       |     1 ||     1
